 Dungeon Crawl Stone Soup version 0.29-a0-378-gc08b2e8bf8 (webtiles) character file.

Game seed: 4631354865961966590

51 Antichthon the Covered (level 3, 0/33 HPs)
             Began as a Deep Dwarf Fighter on May 4, 2022.
             Slain by a gnoll
             ... wielding a +0 spear
              (1 damage)
             ... on level 2 of the Dungeon.
             The game lasted 00:01:46 (716 turns).

Antichthon the Covered (Deep Dwarf Fighter)          Turns: 716, Time: 00:01:47

Health: 0/33       AC:  9    Str: 19    XL:     3   Next: 57%
Magic:  3/3        EV:  9    Int: 10    God:
Gold:   0          SH:  4    Dex: 12    Spells: 2/2 levels left

rFire   . . .      SeeInvis .   a - +0 war axe
rCold   . . .      Faith    .   c - +0 buckler
rNeg    . . .      Spirit   .   b - +0 scale mail
rPois   .          Reflect  .   j - +1 helmet
rElec   .          Harm     .   (no cloak)
rCorr   .          Rampage  .   (no gloves)
Will    .....                   (no boots)
Stlth   ..........              (no amulet)
HPRegen 0.00/turn               (no ring)
MPRegen 0.08/turn               (no ring)

@: no status effects
A: damage resistance, heal wounds, sense surroundings 1, no regeneration
a: Heal Wounds


You were on level 2 of the Dungeon.
You visited 1 branch of the dungeon, and saw 2 of its levels.

Inventory:

Hand Weapons
 a - a +0 war axe (weapon)
Armour
 b - a +0 scale mail (worn)
 c - a +0 buckler (worn)
 j - a +1 helmet (worn)
Potions
 d - a potion of might
 e - 2 potions of heal wounds {unknown}
 f - a potion of haste {unknown}
 g - 3 potions of degeneration {unknown}
 h - a potion of brilliance {unknown}
 k - a potion of cancellation {unknown}


   Skills:
 * Level 2.9 Fighting
 * Level 2.8 Axes
 * Level 3.6 Armour
 * Level 0.7 Dodging
 * Level 3.5 Shields
 * Level 0.3 Spellcasting
 * Level 1.0 Necromancy
 * Level 0.7 Invocations


You had 2 spell levels left.
You didn't know any spells.
Your spell library contained the following spells:

 Spells                   Type           Power      Damage    Failure   Level
 Animate Skeleton         Necr           4%         N/A       67%         1
 Pain                     Necr           8%         1d4       67%         1
 Beastly Appendage        Tmut           0%         N/A       80%         1
 Wereblood                Tmut           0%         N/A       91%         2
 Vampiric Draining        Necr           2%         2d6       95%         3
 Spider Form              Tmut/Pois      0%         N/A       99%         3


Dungeon Overview and Level Annotations

Branches:
Dungeon (2/15)

Altars:

Shops:
D:1 (


Innate Abilities, Weirdness & Mutations

You are resistant to damage.
You can heal yourself by infusing magical energy.
You passively map a small area around you.
You do not regenerate.


Message History

The gnoll hits you from afar with a +0 spear.
A jackal comes into view.
The gnoll misses you. You block the gnoll's attack.
You hit the gnoll.
The gnoll is almost dead.
The gnoll hits you but does no damage. x2
You hit the gnoll.
You kill the gnoll!
The gnoll hits you from afar with a +0 spear. x2
Your Necromancy skill increases to level 1!
The gnoll hits you but does no damage.
Things that are here:
a +0 spear; a gnoll corpse You hit the gnoll.
The gnoll is moderately wounded.
A jackal comes into view.
You block the gnoll's attack.
The jackal barks!
You hit the gnoll.
The gnoll is heavily wounded.
The gnoll barely misses you.
You hit the gnoll.
The gnoll is almost dead.
The gnoll hits you but does no damage. The gnoll hits you with a +0 spear!
* * * LOW HITPOINT WARNING * * *
You hit the gnoll.
You kill the gnoll!
You hit the gnoll.
The gnoll is lightly wounded.
The gnoll hits you but does no damage.
You hit the gnoll.
The gnoll is moderately wounded.
You block the gnoll's attack. The gnoll hits you with a +0 whip.
* * * LOW HITPOINT WARNING * * *
The gnoll hits you but does no damage. x2
Unknown command.
You fail to use your ability.
The gnoll hits you with a +0 whip.
* * * LOW HITPOINT WARNING * * *
The gnoll hits you from afar with a +0 spear.
You die...

*,*,***,****
**************,*,,,,,,,,,
*,,,,,,,,,,,,,,*,***,**,*
*,###########,,*****,**,*
*,#.........#,,,,,,,,**,*
*,###.#.#(#.#,*********,*
*,#<..#...#.#,* *,*
*.#########.#,*********,*
*..hhhgg@...#,,,,,,,,,,,*
*.###########**********,*
*** ***


You could see 2 gnolls and 3 jackals.

Vanquished Creatures
  2 gnolls (D:2)
  3 dart slugs (D:1)
  A ball python (D:1)
  5 endoplasms (D:1)
  A giant cockroach (D:1)
  A goblin (D:1)
  2 hobgoblins (D:1)
  2 quokkas (D:1)
  2 bats (D:1)
  A frilled lizard (D:1)
  3 kobolds (D:1)
  2 rats (D:1)
25 creatures vanquished.

Notes
Turn   | Place    | Note
-------+----------+-------------------------------------------
     0 | D:1      | Antichthon the Deep Dwarf Fighter began the quest for the
                  | Orb.
     0 | D:1      | Reached XP level 1. HP: 20/20 MP: 1/1
   100 | D:1      | Reached XP level 2. HP: 25/27 MP: 2/2
   107 | D:1      | Found Eqiu's Weapon Emporium.
   342 | D:1      | Found a faded altar of an unknown god.
   347 | D:1      | Reached XP level 3. HP: 19/33 MP: 3/3
   709 | D:2      | Reached skill level 1 in Necromancy
   716 | D:2      | HP: 1/33 [gnoll/+0 whip (3)]
   716 | D:2      | Slain by a gnoll

Illustrated notes

Levels and vault maps discovered:
D:1:      minmay_arrival_open_corners, layout_loops_ring, serial_shops, shop,
          shapermc_ecumenical_altar_venn, dreamdust_princess_bridge
D:2:      minmay_wonky_spiral, layout_basic, basic_altar,
          grunt_decor_mini_mirrors

Skill      XL: |  1  2  3 |
---------------+----------+-----
Necromancy     | 1 |  1.0
Fighting       | |  2.9
Axes           | |  2.8
Armour         | |  3.6
Dodging        | |  0.7
Shields        | |  3.5
Spellcasting   | |  0.3
Invocations    | |  0.7

Action                   || total
-------------------------++-------
Melee: War axe           ||    71
  Use: Scroll            ||     5
Armor: Scale mail        ||    32
Dodge: Dodged            ||    31
Block: Buckler           ||    15

Table legend: (Time is in decaauts)
 A = Elapsed time spent in this place.
 B = Non-inter-level travel time spent in this place.
 C = Inter-level travel time spent in this place.
 D = Time resting spent in this place.
 E = Time spent auto-exploring this place.
 F = Levels seen in this place.
 G = Mean time per level.
                   A        B        C        D        E       F      G
               +--------+--------+--------+--------+--------+-----+--------+
         Total |    745 |    741 |      4 |      0 |    474 |   2 |  372.5 |
       Dungeon |    745 |    741 |      4 |      0 |    474 |   2 |  372.5 |
               +--------+--------+--------+--------+--------+-----+--------+

Top non-repeatable levels by time:
     D:1: 713 daAuts
     D:2: 32 daAuts
